 Dungeon Crawl Stone Soup version 0.16.2-12-gd0ad4c3 (webtiles) character file.

149 hannobal the Sneak (level 5, 0/49 HPs)
             Began as a Naga Assassin on Oct 7, 2015.
             Killed from afar by an orc wizard (10 damage)
             ... with a puff of frost
             ... on level 3 of the Dungeon.
             The game lasted 00:09:40 (2971 turns).

hannobal the Sneak (Naga Assassin)                  Turns: 2971, Time: 00:09:42

Health: 0/49       AC:  6    Str: 14    XL:     5   Next: 31%
Magic:  5/5        EV:  9    Int: 11    God:
Gold:   151        SH:  0    Dex: 13    Spells: 0 memorised, 4 levels left

rFire  . . .     SeeInvis +     a - +0 rapier
rCold  . . .     Clarity  .     m - +1 ring mail {MR+}
rNeg   . . .     SustAb   .     (no shield)
rPois  +         Gourm    .     (no helmet)
rElec  .         Spirit   .     d - +0 cloak
rCorr  .         Warding  .     (no gloves)
rMut   .         Stasis   .     (no barding)
MR     +....                    (no amulet)
Stlth  +++.......               (no ring)
                                (no ring)

@: very slow, somewhat resistant to hostile enchantments, fairly stealthy
A: spit poison, see invisible, deformed body, poison resistance, slowness 2, AC
+1
a: Spit Poison


You were on level 3 of the Dungeon.
You were not hungry.

You visited 1 branch of the dungeon, and saw 3 of its levels.

You collected 151 gold pieces.

Inventory:

Hand weapons
 a - a +0 rapier (weapon)
 b - a +1 blowgun
 l - a +2 dagger
 p - a +0 mace
Missiles
 c - 8 sling bullets of flame
 e - 7 poisoned needles
 f - 2 curare-tipped needles
 i - a throwing net
 j - 70 stones (quivered)
 n - 14 bolts of frost
 q - 5 sling bullets
 r - 22 arrows
Armour
 d - a +0 cloak (worn)
 m - a +1 ring mail of magic resistance (worn)
Scrolls
 h - a scroll of magic mapping
 k - 3 scrolls of identify
Comestibles
 g - 2 bread rations {@e1}
 o - a chunk of flesh {@w0}


   Skills:
 + Level 3.0 Fighting
 - Level 3.0 Short Blades
 - Level 2.0 Throwing
 - Level 2.0 Dodging
 - Level 7.1 Stealth


You had 4 spell levels left.
You didn't know any spells.

Dungeon Overview and Level Annotations

Branches:
Dungeon (3/15)

Altars:


Innate Abilities, Weirdness & Mutations

You cannot wear boots.
You can spit poison.
Your serpentine skin is tough (AC +1).
You have supernaturally acute eyesight.
Armour fits poorly on your strangely shaped body.
Your system is resistant to poisons.
You cover ground very slowly.


Message History

You aren't carrying any potions.
Read which item? (? for menu, Esc to quit)
Okay, then.
You closely miss the orc wizard.
You have got your breath back.
The orc wizard closely misses you.
You hit the orc wizard.
The orc wizard is moderately wounded.
The orc wizard hits you but does no damage.
The orc wizard barely misses you.
You hit the orc wizard.
The orc wizard is severely wounded.
The orc wizard barely misses you.
You hit the orc wizard.
The orc wizard is almost dead.
The orc wizard hits you with a dagger.
* * * LOW HITPOINT WARNING * * *
The orc wizard gestures at you while chanting.
The puff of frost hits you!
You die...

#.# #.# #.# #.# #
#####
####.###...# #.#
#...oo@....###.##
#.##o###%........
.. #...#.....
#.#### #.### ...
# ..# #.# #.# #.#
#.# #.# # #.# #.#
#.# #.##.###.#
##'## #........#
##...##


You could see an orc wizard (invisible) and 2 orcs.

Vanquished Creatures
  An orc wizard (D:3)
  4 adders (D:2)
  A giant mite (D:3)
  2 worms
  2 giant geckos (D:2)
  3 oozes
  2 orcs (D:3)
  2 giant cockroaches (D:2)
  6 goblins
  3 hobgoblins
  9 jackals
  8 kobolds
  A quokka (D:3)
  10 bats
  5 giant newts
  7 rats
66 creatures vanquished.

Notes
Turn   | Place    | Note
--------------------------------------------------------------
     0 | D:1      | hannobal, the Naga Assassin, began the quest for the Orb.
     0 | D:1      | Reached XP level 1. HP: 19/19 MP: 1/1
    34 | D:1      | Reached skill level 6 in Stealth
    85 | D:1      | Reached skill level 1 in Dodging
    97 | D:1      | Reached XP level 2. HP: 17/26 MP: 2/2
   806 | D:1      | Reached XP level 3. HP: 29/32 MP: 3/3
  1546 | D:2      | Reached skill level 7 in Stealth
  1546 | D:2      | Reached XP level 4. HP: 37/39 MP: 4/4
  2949 | D:3      | Reached XP level 5. HP: 49/49 MP: 5/5
  2971 | D:3      | Killed from afar by an orc wizard

Action                   |  1- 3 |  4- 6 || total
-------------------------+-------+-------++-------
Melee: Dagger            |    98 |       ||    98
       Rapier            |    45 |   117 ||   162
 Fire: Blowgun           |    17 |       ||    17
Throw: Stone             |     1 |       ||     1
 Abil: Spit Poison       |       |     2 ||     2
  Use: Scroll            |     2 |     5 ||     7
       Potion            |     3 |     1 ||     4
 Stab: Sleeping          |     7 |     4 ||    11
  Eat: Chunk             |     2 |     5 ||     7
